Red Wings vs Oilers
(R1)
Created - 12 avril 2013 at 19:01
Goals
|
| Red Wings |
1 |
0 |
0 |
1 |
| Oilers |
1 |
1 |
1 |
3 |
|
Shots
|
| Red Wings |
12 |
7 |
5 |
24 |
| Oilers |
8 |
11 |
11 |
30 |
|
1st period
1. Red Wings , Shea Weber 7 (Nathan Horton, Mike Richards) at 1:55 (PP)
2. Oilers , Jonathan Toews 12 (Patrick Kaleta) at 10:23
Penalties :
Steve Begin (Edm) for Hooking (Minor) at 0:50, Steve Montador (Edm) for Delaying the game (Minor) at 12:13
2nd period
3. Oilers , Marty Reasoner 8 (Eric Nystrom, Jiri Slegr) at 6:56
Penalties :
Steve Begin (Edm) for Hooking (Minor) at 0:51, Peter Schaefer (Det) for Interference (Minor) at 3:32, Eric Nystrom (Edm) for High sticking (Minor) at 11:37, Jason Spezza (Det) for Holding (Minor) at 18:03
3rd period
4. Oilers , Ian White 5 (Pascal Dupuis, Pierre-Marc Bouchard) at 5:25 (PP)
Penalties :
Simon Gagné (Det) for Slashing (Minor) at 5:15, Joe Pavelski (Edm) for Tripping (Minor) at 13:16
Goalie Stats
Jonathan Quick (Det), 27 saves from 30 shots - (0,900), L, 23-19-5, 60:00 minutes
Cam Ward (Edm), 23 saves from 24 shots - (0,958), W, 26-20-4, 60:00 minutes
Players Stats for Red Wings
Player Name G A P +/- PIM S H SB GA TA FO MP PP MP PK MP
------------------------------------------------------------------------------------
Brian Sutherby 0 0 0 0 0 2 2 0 0 0 2/5 10:19 0:40 1:15
Christian Backman 0 0 0 -2 0 0 1 0 0 0 0/0 13:36 0:00 0:00
Christian Laflamme 0 0 0 -2 0 0 2 0 1 1 0/0 15:42 0:31 1:46
Donald Brashear 0 0 0 0 0 0 2 0 0 1 1/1 14:05 0:40 0:46
Jan Bulis 0 0 0 0 0 1 3 0 0 0 4/6 13:11 0:00 1:30
Jarome Iginla 0 0 0 -1 0 3 2 2 0 0 0/0 22:50 4:24 2:36
Jason Spezza 0 0 0 -1 2 4 1 0 1 1 14/34 21:35 4:24 1:23
Kim Johnsson 0 0 0 0 0 2 1 4 0 1 0/0 25:27 5:14 2:22
Lubos Bartecko 0 0 0 0 0 0 0 0 1 0 0/2 12:29 0:40 0:00
Mathieu Dandenault 0 0 0 0 0 1 0 0 0 0 0/2 8:03 0:00 0:00
Maxim Kondratiev 0 0 0 0 0 1 1 1 0 2 0/0 20:57 3:47 1:46
Mike Richards 0 1 1 -1 0 1 0 0 0 0 6/8 16:30 3:57 0:00
Nathan Horton 0 1 1 -1 0 2 1 0 1 0 0/0 14:54 3:57 0:00
Paul Martin 0 0 0 0 0 1 1 0 1 0 0/0 20:34 4:43 0:00
Peter Schaefer 0 0 0 0 2 1 0 0 0 1 0/0 5:15 0:00 0:00
Sean Bergenheim 0 0 0 -1 0 2 1 0 0 2 0/0 15:44 3:57 0:00
Shea Weber 1 0 1 0 0 3 3 2 0 4 0/0 23:44 3:47 2:22
Simon Gagné 0 0 0 -1 2 0 1 0 0 0 0/0 20:54 4:24 0:46
Players Stats for Oilers
Player Name G A P +/- PIM S H SB GA TA FO MP PP MP PK MP
------------------------------------------------------------------------------------
Eric Nystrom 0 1 1 1 2 1 0 1 0 0 0/0 9:06 0:00 0:43
Ian White 1 0 1 1 0 2 2 0 1 1 0/0 21:13 2:10 0:36
Ilya Kovalchuk 0 0 0 0 0 7 0 0 4 0 0/1 18:56 2:06 1:43
Jiri Slegr 0 1 1 1 0 1 1 1 0 0 0/0 23:35 1:58 4:30
Joe Pavelski 0 0 0 0 2 3 2 0 1 1 0/2 16:18 2:02 0:00
Jonathan Toews 1 0 1 1 0 1 1 0 0 1 3/4 11:20 0:00 0:13
Kurtis Foster 0 0 0 0 0 1 1 2 2 1 0/0 19:03 1:58 0:23
Mark Fistric 0 0 0 1 0 0 2 2 0 0 0/0 16:23 0:00 4:30
Martin Lapointe 0 0 0 1 0 0 0 0 0 0 0/0 11:34 0:00 4:10
Marty Reasoner 1 0 1 1 0 2 2 0 0 0 5/10 11:18 0:00 4:10
Pascal Dupuis 0 1 1 0 0 3 2 0 0 0 0/0 16:57 2:06 0:00
Patrick Kaleta 0 1 1 1 0 1 1 0 0 0 0/0 9:21 0:00 0:00
Patrick Marleau 0 0 0 0 0 3 2 0 3 1 1/1 15:48 2:02 0:00
Pavel Datsyuk 0 0 0 0 0 3 3 2 1 0 16/27 20:03 2:02 4:19
Pierre-Marc Bouchard 0 1 1 0 0 2 1 0 0 0 6/13 16:57 2:06 0:00
Rob Scuderi 0 0 0 0 0 0 1 0 0 0 0/0 15:48 0:00 4:31
Steve Begin 0 0 0 1 4 0 1 0 0 0 0/0 12:40 0:00 2:44
Steve Montador 0 0 0 1 2 0 3 3 1 0 0/0 24:34 2:10 3:32
3 Stars
1 - Cam Ward (Edm)
2 - Marty Reasoner (Edm)
3 - Ian White (Edm)
Power Play
Red Wings - 1 on 5 Attempt(s) - 20,00%
Oilers - 1 on 3 Attempt(s) - 33,33%
Penalty Kill
Red Wings - 2 on 3 Attempt(s) - 66,67%
- Score 0 goal in Penalty Kill
Oilers - 4 on 5 Attempt(s) - 80,00%
- Score 0 goal in Penalty Kill
Official
Referees : StPierre Justin and O'Halloran Dan
Linesman : Scott Cherrey and Shane Heyer
Game Notes
Peter Schaefer is injured at 18:00 of 2nd period (Sprained Right Ankle)
Finance
Level 1 -- Attendance: 5342 (89,03%) -- Ticket Income 448 728 $
Level 2 -- Attendance: 4148 (82,96%) -- Ticket Income 219 844 $
Level 3 -- Attendance: 1488 (74,40%) -- Ticket Income 47 616 $
Level 4 -- Attendance: 2943 (73,58%) -- Ticket Income 61 803 $
Luxury Box -- Attendance: 762 (76,20%) -- Ticket Income 135 636 $
Game was played at the Rexall Place
Total Attendance: 14683 (81,57%)
Total Ticket Income: 913 627 $
Total Income: 913 627 $
Red Wings
5 vs 5 Forward
Center Left Wing Right Wing Time % Phy DF OF
1 Jason Spezza Simon Gagné Jarome Iginla 40 1 2 2
2 Jan Bulis Donald Brashear Lubos Bartecko 28 1 2 2
3 Mike Richards Sean Bergenheim Nathan Horton 28 1 2 2
4 Brian Sutherby Peter Schaefer Mathieu Dandenault 4 1 3 1
5 vs 5 Defense
Defense Defense Time % Phy DF OF
1 Kim Johnsson Shea Weber 40 1 2 2
2 Paul Martin Maxim Kondratiev 30 1 2 2
3 Christian Backman Christian Laflamme 20 0 3 2
4 Kim Johnsson Shea Weber 10 1 2 2
PowerPlay Forward
Center Left Wing Right Wing Time % Phy DF OF
1 Jason Spezza Simon Gagné Jarome Iginla 60 0 1 4
2 Mike Richards Sean Bergenheim Nathan Horton 40 0 1 4
PowerPlay Defense
Defense Defense Time % Phy DF OF
1 Kim Johnsson Paul Martin 60 0 2 3
2 Shea Weber Maxim Kondratiev 40 0 2 3
Penalty Kill 4 Players Forward
Center Wing Time % Phy DF OF
1 Jason Spezza Jarome Iginla 60 0 3 2
2 Jan Bulis Simon Gagné 40 0 3 2
Penalty Kill 4 Players Defense
Defense Defense Time % Phy DF OF
1 Kim Johnsson Shea Weber 60 0 3 2
2 Christian Laflamme Maxim Kondratiev 40 0 3 2
Penalty Kill - 3 Players Forward
Forward Time % Phy DF OF
1 Jason Spezza 60 1 3 1
2 Jan Bulis 40 1 3 1
Penalty Kill - 3 Players Defense
Defense Defense Time % Phy DF OF
1 Kim Johnsson Shea Weber 60 1 3 1
2 Christian Laflamme Maxim Kondratiev 40 1 3 1
4 vs 4 Forward
Center Wing Time % Phy DF OF
1 Jason Spezza Jarome Iginla 60 0 2 3
2 Jan Bulis Simon Gagné 40 0 2 3
4 vs 4 Defense
Defense Defense Time % Phy DF OF
1 Kim Johnsson Shea Weber 60 0 2 3
2 Paul Martin Maxim Kondratiev 40 0 2 3
Last Minutes Offensive
Center Left Wing Right Wing Defense Defense
Jason Spezza Simon Gagné Jarome Iginla Kim Johnsson Shea Weber
Last Minutes Defensive
Center Left Wing Right Wing Defense Defense
Jason Spezza Simon Gagné Jarome Iginla Kim Johnsson Shea Weber
Goaltenders
Starting : Jonathan Quick
Backup : Mike Smith
Extra Forwards
Normal : Mike Richards, Brian Sutherby, Peter Schaefer - PP : Mike Richards, Brian Sutherby - PK : Brian Sutherby
Extra Defensemen
Normal : Christian Laflamme, Christian Backman, Paul Martin - PP : Christian Laflamme - PK : Christian Backman, Paul Martin
Penalty Shots
Simon Gagné, Jarome Iginla, Nathan Horton, Mike Richards, Peter Schaefer
Oilers
5 vs 5 Forward
Center Left Wing Right Wing Time % Phy DF OF
1 Pierre-Marc Bouchard Ilya Kovalchuk Pascal Dupuis 35 1 2 2
2 Pavel Datsyuk Patrick Marleau Joe Pavelski 35 1 2 2
3 Jonathan Toews Steve Begin Patrick Kaleta 20 1 2 2
4 Marty Reasoner Eric Nystrom Martin Lapointe 10 1 3 1
5 vs 5 Defense
Defense Defense Time % Phy DF OF
1 Ian White Steve Montador 37 1 2 2
2 Kurtis Foster Rob Scuderi 25 0 3 2
3 Jiri Slegr Mark Fistric 21 1 2 2
4 Kurtis Foster Jiri Slegr 17 1 2 2
PowerPlay Forward
Center Left Wing Right Wing Time % Phy DF OF
1 Pierre-Marc Bouchard Ilya Kovalchuk Pascal Dupuis 50 1 1 3
2 Pavel Datsyuk Patrick Marleau Joe Pavelski 50 1 1 3
PowerPlay Defense
Defense Defense Time % Phy DF OF
1 Ian White Steve Montador 50 0 2 3
2 Kurtis Foster Jiri Slegr 50 0 2 3
Penalty Kill 4 Players Forward
Center Wing Time % Phy DF OF
1 Pavel Datsyuk Steve Begin 50 1 3 1
2 Marty Reasoner Martin Lapointe 50 1 3 1
Penalty Kill 4 Players Defense
Defense Defense Time % Phy DF OF
1 Steve Montador Rob Scuderi 50 1 3 1
2 Jiri Slegr Mark Fistric 50 1 3 1
Penalty Kill - 3 Players Forward
Forward Time % Phy DF OF
1 Marty Reasoner 50 1 3 1
2 Steve Begin 50 1 3 1
Penalty Kill - 3 Players Defense
Defense Defense Time % Phy DF OF
1 Steve Montador Rob Scuderi 50 1 4 0
2 Ian White Jiri Slegr 50 1 4 0
4 vs 4 Forward
Center Wing Time % Phy DF OF
1 Pavel Datsyuk Joe Pavelski 50 1 1 3
2 Pierre-Marc Bouchard Ilya Kovalchuk 50 1 1 3
4 vs 4 Defense
Defense Defense Time % Phy DF OF
1 Ian White Steve Montador 50 1 2 2
2 Kurtis Foster Jiri Slegr 50 1 2 2
Last Minutes Offensive
Center Left Wing Right Wing Defense Defense
Pavel Datsyuk Ilya Kovalchuk Joe Pavelski Kurtis Foster Jiri Slegr
Last Minutes Defensive
Center Left Wing Right Wing Defense Defense
Pavel Datsyuk Ilya Kovalchuk Joe Pavelski Jiri Slegr Ian White
Goaltenders
Starting : Cam Ward
Backup : Byron Dafoe
Extra Forwards
Normal : Joe Pavelski, Jonathan Toews, Ilya Kovalchuk - PP : Jonathan Toews, Steve Begin - PK : Ilya Kovalchuk
Extra Defensemen
Normal : Kurtis Foster, Steve Montador, Ian White - PP : Rob Scuderi - PK : Ian White, Kurtis Foster
Penalty Shots
Ilya Kovalchuk, Pavel Datsyuk, Patrick Marleau, Joe Pavelski, Pierre-Marc Bouchard
% Time on Ice - Red Wings
Lines # - Real PCT - Wanted PCT - Time Play
Normal Forward
1 - 35% - 40% - 16:23
2 - 26% - 28% - 12:08
3 - 23% - 28% - 10:51
4 - 16% - 4% - 7:29
Normal Defense
1 - 36% - 40% - 16:54
2 - 33% - 30% - 15:24
3 - 28% - 20% - 13:17
4 - 3% - 10% - 1:16
PP Forward
1 - 52% - 60% - 4:43
2 - 48% - 40% - 4:18
PP Defense
1 - 58% - 60% - 5:14
2 - 42% - 40% - 3:47
PK Forward
1 - 81% - 60% - 3:22
2 - 19% - 40% - 0:46
PK Defense
1 - 57% - 60% - 2:22
2 - 43% - 40% - 1:46
PK3 Forward
1 - 0% - 60%
2 - 0% - 40%
PK3 Defense
1 - 0% - 60%
2 - 0% - 40%
44 Forward
1 - 0% - 60%
2 - 0% - 40%
44 Defense
1 - 0% - 60%
2 - 0% - 40%
Last Minute Offensive - 0:00
Last Minute Defensive - 0:00
Total
Forward - 60:00
Defense - 60:00
|
% Time on Ice - Oilers
Lines # - Real PCT - Wanted PCT - Time Play
Normal Forward
1 - 34% - 35% - 15:56
2 - 31% - 35% - 14:29
3 - 20% - 20% - 9:21
4 - 15% - 10% - 7:05
Normal Defense
1 - 39% - 37% - 18:07
2 - 27% - 25% - 12:27
3 - 22% - 21% - 10:19
4 - 13% - 17% - 5:58
PP Forward
1 - 51% - 50% - 2:06
2 - 49% - 50% - 2:02
PP Defense
1 - 52% - 50% - 2:10
2 - 48% - 50% - 1:58
PK Forward
1 - 51% - 50% - 4:38
2 - 49% - 50% - 4:23
PK Defense
1 - 50% - 50% - 4:31
2 - 50% - 50% - 4:30
PK3 Forward
1 - 0% - 50%
2 - 0% - 50%
PK3 Defense
1 - 0% - 50%
2 - 0% - 50%
44 Forward
1 - 0% - 50%
2 - 0% - 50%
44 Defense
1 - 0% - 50%
2 - 0% - 50%
Last Minute Offensive - 0:00
Last Minute Defensive - 0:00
Total
Forward - 60:00
Defense - 60:00
|
Play by Play
1st period
0:01 of 1st period - Jason Spezza wins face-off versus Pierre-Marc Bouchard in neutral zone.
0:30 of 1st period - Shea Weber is hit by Pavel Datsyuk and loses puck.
0:50 of 1st period - Minor Penalty to Steve Begin for Hooking.
0:51 of 1st period - Jason Spezza wins face-off versus Pavel Datsyuk in Oilers zone.
1:31 of 1st period - Snap shot by Jarome Iginla.
1:31 of 1st period - Stopped by Cam Ward without a rebound.
1:32 of 1st period - Marty Reasoner wins face-off versus Mike Richards in Oilers zone.
1:39 of 1st period - Slapshot by Sean Bergenheim.
1:39 of 1st period - Stopped by Cam Ward without a rebound.
1:40 of 1st period - Mike Richards wins face-off versus Ilya Kovalchuk in Oilers zone.
1:53 of 1st period - Snap shot by Nathan Horton.
1:53 of 1st period - Shot Misses the Net.
1:55 of 1st period - Slapshot by Shea Weber.
1:55 of 1st period - Goal by Shea Weber - Red Wings : 1 - Oilers : 0.
1:56 of 1st period - Pavel Datsyuk wins face-off versus Jason Spezza in neutral zone.
2:10 of 1st period - Snap shot by Jarome Iginla.
2:10 of 1st period - Shot Misses the Net.
2:12 of 1st period - Slapshot by Maxim Kondratiev.
2:12 of 1st period - Stopped by Cam Ward without a rebound.
2:13 of 1st period - Mike Richards wins face-off versus Pierre-Marc Bouchard in Oilers zone.
2:14 of 1st period - Wrist shot by Nathan Horton.
2:14 of 1st period - Shot Misses the Net.
2:16 of 1st period - Wrist shot by Sean Bergenheim.
2:16 of 1st period - Shot Blocked by Kurtis Foster.
2:38 of 1st period - Christian Laflamme is hit by Patrick Marleau and loses puck.
2:55 of 1st period - Sean Bergenheim is hit by Pavel Datsyuk and loses puck.
3:04 of 1st period - Kurtis Foster is hit by Paul Martin and loses puck.
3:13 of 1st period - Snap shot by Sean Bergenheim.
3:13 of 1st period - Stopped by Cam Ward with a rebound.
3:35 of 1st period - Wrist shot by Ilya Kovalchuk.
3:35 of 1st period - Stopped by Jonathan Quick without a rebound.
3:36 of 1st period - Jason Spezza wins face-off versus Marty Reasoner in Red Wings zone.
3:45 of 1st period - Snap shot by Simon Gagné.
3:45 of 1st period - Shot Misses the Net.
4:09 of 1st period - Off-side.
4:10 of 1st period - Pavel Datsyuk wins face-off versus Jason Spezza in neutral zone.
4:14 of 1st period - Icing by Shea Weber.
4:15 of 1st period - Pavel Datsyuk wins face-off versus Jason Spezza in Red Wings zone.
4:16 of 1st period - Wrist shot by Patrick Marleau.
4:16 of 1st period - Shot Blocked by Kim Johnsson.
4:18 of 1st period - Slapshot by Steve Montador.
4:18 of 1st period - Deflect By Patrick Marleau.
4:18 of 1st period - Stopped by Jonathan Quick without a rebound.
4:19 of 1st period - Pavel Datsyuk wins face-off versus Jason Spezza in Red Wings zone.
4:20 of 1st period - Wrist shot by Joe Pavelski.
4:20 of 1st period - Shot Blocked by Shea Weber.
4:22 of 1st period - Slapshot by Pavel Datsyuk.
4:22 of 1st period - Stopped by Jonathan Quick without a rebound.
4:23 of 1st period - Pierre-Marc Bouchard wins face-off versus Lubos Bartecko in Red Wings zone.
4:26 of 1st period - Wrist shot by Pierre-Marc Bouchard.
4:26 of 1st period - Stopped by Jonathan Quick with a rebound.
4:48 of 1st period - Steve Begin is hit by Jarome Iginla and loses puck.
5:11 of 1st period - Slapshot by Brian Sutherby.
5:11 of 1st period - Shot Blocked by Pavel Datsyuk.
5:56 of 1st period - Snap shot by Patrick Kaleta.
5:56 of 1st period - Stopped by Jonathan Quick with a rebound.
5:58 of 1st period - Snap shot by Steve Begin.
5:58 of 1st period - Shot Blocked by Kim Johnsson.
6:00 of 1st period - Slapshot by Jiri Slegr.
6:00 of 1st period - Stopped by Jonathan Quick without a rebound.
6:01 of 1st period - Jason Spezza wins face-off versus Pierre-Marc Bouchard in Red Wings zone.
6:17 of 1st period - Snap shot by Pierre-Marc Bouchard.
6:17 of 1st period - Shot Misses the Net.
6:27 of 1st period - Jiri Slegr is hit by Donald Brashear and loses puck.
7:00 of 1st period - Kurtis Foster is hit by Shea Weber and loses puck.
7:46 of 1st period - Icing by Rob Scuderi.
7:47 of 1st period - Donald Brashear wins face-off versus Pavel Datsyuk in Oilers zone.
8:38 of 1st period - Steve Begin is hit by Sean Bergenheim and loses puck.
9:51 of 1st period - Icing by Jason Spezza.
9:52 of 1st period - Jonathan Toews wins face-off versus Jason Spezza in Red Wings zone.
10:23 of 1st period - Snap shot by Jonathan Toews.
10:23 of 1st period - Goal by Jonathan Toews - Red Wings : 1 - Oilers : 1.
10:24 of 1st period - Pierre-Marc Bouchard wins face-off versus Jan Bulis in neutral zone.
10:39 of 1st period - Slapshot by Kim Johnsson.
10:39 of 1st period - Shot Misses the Net.
11:00 of 1st period - Snap shot by Pierre-Marc Bouchard.
11:00 of 1st period - Deflect By Kim Johnsson.
11:00 of 1st period - Shot Blocked by Kim Johnsson.
11:00 of 1st period - Puck is out of play.
11:01 of 1st period - Jan Bulis wins face-off versus Pavel Datsyuk in Red Wings zone.
11:12 of 1st period - Wrist shot by Donald Brashear.
11:12 of 1st period - Shot Misses the Net.
11:53 of 1st period - Ian White is hit by Nathan Horton and loses puck.
12:05 of 1st period - Icing by Ian White.
12:06 of 1st period - Marty Reasoner wins face-off versus Jan Bulis in Oilers zone.
12:06 of 1st period - Marty Reasoner is hit by Jan Bulis.
12:13 of 1st period - Minor Penalty to Steve Montador for Delaying the game.
12:14 of 1st period - Jason Spezza wins face-off versus Marty Reasoner in Oilers zone.
12:49 of 1st period - Mark Fistric is hit by Shea Weber.
14:13 of 1st period - Penalty to Steve Montador is over, Steve Montador is back on ice.
14:39 of 1st period - Snap shot by Donald Brashear.
14:39 of 1st period - Shot Misses the Net.
14:41 of 1st period - Slapshot by Paul Martin.
14:41 of 1st period - Deflect By Steve Begin.
14:41 of 1st period - Stopped by Cam Ward with a rebound.
14:43 of 1st period - Slapshot by Kim Johnsson.
14:43 of 1st period - Shot Misses the Net.
15:05 of 1st period - Icing by Jiri Slegr.
15:06 of 1st period - Mike Richards wins face-off versus Marty Reasoner in Oilers zone.
15:56 of 1st period - Brian Sutherby is hit by Patrick Marleau and loses puck.
16:11 of 1st period - Slapshot by Shea Weber.
16:11 of 1st period - Deflect By Ian White.
16:11 of 1st period - Stopped by Cam Ward without a rebound.
16:12 of 1st period - Jan Bulis wins face-off versus Marty Reasoner in Oilers zone.
17:24 of 1st period - Wrist shot by Jan Bulis.
17:24 of 1st period - Stopped by Cam Ward with a rebound.
17:26 of 1st period - Slapshot by Kim Johnsson.
17:26 of 1st period - Stopped by Cam Ward with a rebound.
17:28 of 1st period - Wrist shot by Shea Weber.
17:28 of 1st period - Stopped by Cam Ward with a rebound.
17:30 of 1st period - Snap shot by Jan Bulis.
17:30 of 1st period - Deflect By Donald Brashear.
17:30 of 1st period - Deflect By Mark Fistric.
17:30 of 1st period - Shot Blocked by Mark Fistric.
17:30 of 1st period - Puck is out of play.
17:31 of 1st period - Pavel Datsyuk wins face-off versus Jason Spezza in Oilers zone.
17:38 of 1st period - Wrist shot by Pavel Datsyuk.
17:38 of 1st period - Stopped by Jonathan Quick without a rebound.
17:39 of 1st period - Pavel Datsyuk wins face-off versus Jason Spezza in Red Wings zone.
18:53 of 1st period - Mike Richards is hit by Patrick Kaleta and loses puck.
19:31 of 1st period - Slapshot by Kim Johnsson.
19:31 of 1st period - Stopped by Cam Ward with a rebound.
19:33 of 1st period - Slapshot by Nathan Horton.
19:33 of 1st period - Stopped by Cam Ward without a rebound.
19:34 of 1st period - Pierre-Marc Bouchard wins face-off versus Jason Spezza in Oilers zone.
19:34 of 1st period - Pierre-Marc Bouchard is hit by Christian Backman.
19:40 of 1st period - Jason Spezza is hit by Pierre-Marc Bouchard and loses puck.
2nd period
0:01 of 2nd period - Pavel Datsyuk wins face-off versus Jason Spezza in neutral zone.
0:48 of 2nd period - Wrist shot by Ilya Kovalchuk.
0:48 of 2nd period - Stopped by Jonathan Quick without a rebound.
0:49 of 2nd period - Jonathan Toews wins face-off versus Mike Richards in Red Wings zone.
0:50 of 2nd period - Slapshot by Patrick Kaleta.
0:50 of 2nd period - Shot Misses the Net.
0:51 of 2nd period - Minor Penalty to Steve Begin for Hooking.
0:52 of 2nd period - Jason Spezza wins face-off versus Pavel Datsyuk in Oilers zone.
1:07 of 2nd period - Snap shot by Jarome Iginla.
1:07 of 2nd period - Stopped by Cam Ward with a rebound.
2:51 of 2nd period - Penalty to Steve Begin is over, Steve Begin is back on ice.
3:22 of 2nd period - Brian Sutherby is hit by Steve Begin and loses puck.
3:32 of 2nd period - Minor Penalty to Peter Schaefer for Interference.
3:33 of 2nd period - Jason Spezza wins face-off versus Pavel Datsyuk in Red Wings zone.
4:03 of 2nd period - Wrist shot by Ian White.
4:03 of 2nd period - Stopped by Jonathan Quick without a rebound.
4:04 of 2nd period - Jan Bulis wins face-off versus Joe Pavelski in Red Wings zone.
4:23 of 2nd period - Wrist shot by Ilya Kovalchuk.
4:23 of 2nd period - Shot Blocked by Jarome Iginla.
4:25 of 2nd period - Snap shot by Ilya Kovalchuk.
4:25 of 2nd period - Shot Blocked by Jarome Iginla.
4:27 of 2nd period - Slapshot by Kurtis Foster.
4:27 of 2nd period - Deflect By Pascal Dupuis.
4:27 of 2nd period - Stopped by Jonathan Quick without a rebound.
4:28 of 2nd period - Jason Spezza wins face-off versus Pierre-Marc Bouchard in Red Wings zone.
4:53 of 2nd period - Off-side.
4:54 of 2nd period - Jason Spezza wins face-off versus Pavel Datsyuk in neutral zone.
5:26 of 2nd period - Snap shot by Jan Bulis.
5:26 of 2nd period - Shot Blocked by Kurtis Foster.
5:32 of 2nd period - Penalty to Peter Schaefer is over, Peter Schaefer is back on ice.
5:39 of 2nd period - Off-side.
5:40 of 2nd period - Mike Richards wins face-off versus Jonathan Toews in neutral zone.
6:05 of 2nd period - Patrick Marleau is hit by Kim Johnsson and loses puck.
6:16 of 2nd period - Wrist shot by Patrick Marleau.
6:16 of 2nd period - Stopped by Jonathan Quick with a rebound.
6:30 of 2nd period - Wrist shot by Jan Bulis.
6:30 of 2nd period - Shot Misses the Net.
6:54 of 2nd period - Wrist shot by Eric Nystrom.
6:54 of 2nd period - Shot Misses the Net.
6:56 of 2nd period - Slapshot by Marty Reasoner.
6:56 of 2nd period - Goal by Marty Reasoner - Red Wings : 1 - Oilers : 2.
6:57 of 2nd period - Pavel Datsyuk wins face-off versus Jason Spezza in neutral zone.
7:10 of 2nd period - Wrist shot by Jarome Iginla.
7:10 of 2nd period - Stopped by Cam Ward without a rebound.
7:11 of 2nd period - Pavel Datsyuk wins face-off versus Jason Spezza in Oilers zone.
8:26 of 2nd period - Slapshot by Marty Reasoner.
8:26 of 2nd period - Stopped by Jonathan Quick with a rebound.
8:30 of 2nd period - Snap shot by Eric Nystrom.
8:30 of 2nd period - Stopped by Jonathan Quick without a rebound.
8:31 of 2nd period - Jan Bulis wins face-off versus Pavel Datsyuk in Red Wings zone.
8:44 of 2nd period - Lubos Bartecko is hit by Mark Fistric and loses puck.
9:18 of 2nd period - Snap shot by Peter Schaefer.
9:18 of 2nd period - Stopped by Cam Ward without a rebound.
9:19 of 2nd period - Pavel Datsyuk wins face-off versus Mathieu Dandenault in Oilers zone.
9:35 of 2nd period - Slapshot by Kim Johnsson.
9:35 of 2nd period - Shot Blocked by Pavel Datsyuk.
9:51 of 2nd period - Wrist shot by Peter Schaefer.
9:51 of 2nd period - Shot Misses the Net.
9:53 of 2nd period - Backhand shot by Mathieu Dandenault.
9:53 of 2nd period - Shot Misses the Net.
10:15 of 2nd period - Snap shot by Peter Schaefer.
10:15 of 2nd period - Shot Misses the Net.
10:17 of 2nd period - Snap shot by Mathieu Dandenault.
10:17 of 2nd period - Shot Misses the Net.
10:19 of 2nd period - Wrist shot by Mathieu Dandenault.
10:19 of 2nd period - Shot Misses the Net.
10:21 of 2nd period - Snap shot by Mathieu Dandenault.
10:21 of 2nd period - Stopped by Cam Ward with a rebound.
10:43 of 2nd period - Snap shot by Shea Weber.
10:43 of 2nd period - Shot Blocked by Steve Montador.
10:49 of 2nd period - Wrist shot by Brian Sutherby.
10:49 of 2nd period - Stopped by Cam Ward without a rebound.
10:50 of 2nd period - Jason Spezza wins face-off versus Pavel Datsyuk in Oilers zone.
11:03 of 2nd period - Wrist shot by Pavel Datsyuk.
11:03 of 2nd period - Stopped by Jonathan Quick with a rebound.
11:05 of 2nd period - Snap shot by Pavel Datsyuk.
11:05 of 2nd period - Shot Blocked by Maxim Kondratiev.
11:20 of 2nd period - Wrist shot by Kim Johnsson.
11:20 of 2nd period - Deflect By Simon Gagné.
11:20 of 2nd period - Shot Blocked by Eric Nystrom.
11:20 of 2nd period - Puck is out of play.
11:21 of 2nd period - Marty Reasoner wins face-off versus Lubos Bartecko in Oilers zone.
11:37 of 2nd period - Minor Penalty to Eric Nystrom for High sticking.
11:38 of 2nd period - Marty Reasoner wins face-off versus Jason Spezza in Oilers zone.
13:28 of 2nd period - Kim Johnsson is hit by Rob Scuderi and loses puck.
13:37 of 2nd period - Penalty to Eric Nystrom is over, Eric Nystrom is back on ice.
14:07 of 2nd period - Slapshot by Brian Sutherby.
14:07 of 2nd period - Stopped by Cam Ward with a rebound.
14:13 of 2nd period - Snap shot by Brian Sutherby.
14:13 of 2nd period - Shot Blocked by Jiri Slegr.
14:39 of 2nd period - Shea Weber is hit by Pascal Dupuis and loses puck.
15:11 of 2nd period - Lubos Bartecko is hit by Ian White and loses puck.
15:58 of 2nd period - Martin Lapointe is hit by Christian Laflamme and loses puck.
16:43 of 2nd period - Icing by Kim Johnsson.
16:44 of 2nd period - Pavel Datsyuk wins face-off versus Brian Sutherby in Red Wings zone.
16:45 of 2nd period - Wrist shot by Patrick Marleau.
16:45 of 2nd period - Stopped by Jonathan Quick without a rebound.
16:46 of 2nd period - Pavel Datsyuk wins face-off versus Jason Spezza in Red Wings zone.
16:53 of 2nd period - Wrist shot by Joe Pavelski.
16:53 of 2nd period - Stopped by Jonathan Quick with a rebound.
17:21 of 2nd period - Wrist shot by Mike Richards.
17:21 of 2nd period - Stopped by Cam Ward with a rebound.
17:50 of 2nd period - Kim Johnsson is hit by Steve Montador.
17:59 of 2nd period - Peter Schaefer is hit by Marty Reasoner and loses puck.
18:00 of 2nd period - Peter Schaefer from Red Wings is injured at 18:00 of 2nd period (Sprained Right Ankle).
18:01 of 2nd period - Pavel Datsyuk wins face-off versus Jason Spezza in Red Wings zone.
18:03 of 2nd period - Minor Penalty to Jason Spezza for Holding.
18:04 of 2nd period - Pavel Datsyuk wins face-off versus Brian Sutherby in Red Wings zone.
18:07 of 2nd period - Snap shot by Joe Pavelski.
18:07 of 2nd period - Stopped by Jonathan Quick without a rebound.
18:08 of 2nd period - Brian Sutherby wins face-off versus Pavel Datsyuk in Red Wings zone.
18:08 of 2nd period - Brian Sutherby is hit by Steve Montador.
19:21 of 2nd period - Icing by Pierre-Marc Bouchard.
19:22 of 2nd period - Brian Sutherby wins face-off versus Pierre-Marc Bouchard in Oilers zone.
3rd period
0:01 of 3rd period - Pierre-Marc Bouchard wins face-off versus Brian Sutherby in neutral zone.
0:03 of 3rd period - Penalty to Jason Spezza is over, Jason Spezza is back on ice.
0:10 of 3rd period - Snap shot by Ilya Kovalchuk.
0:10 of 3rd period - Stopped by Jonathan Quick with a rebound.
0:12 of 3rd period - Wrist shot by Ilya Kovalchuk.
0:12 of 3rd period - Stopped by Jonathan Quick without a rebound.
0:13 of 3rd period - Pavel Datsyuk wins face-off versus Jason Spezza in Red Wings zone.
0:18 of 3rd period - Snap shot by Joe Pavelski.
0:18 of 3rd period - Stopped by Jonathan Quick without a rebound.
0:19 of 3rd period - Jason Spezza wins face-off versus Pavel Datsyuk in Red Wings zone.
0:28 of 3rd period - Slapshot by Kim Johnsson.
0:28 of 3rd period - Shot Blocked by Steve Montador.
0:30 of 3rd period - Slapshot by Jarome Iginla.
0:30 of 3rd period - Shot Blocked by Steve Montador.
0:32 of 3rd period - Wrist shot by Jason Spezza.
0:32 of 3rd period - Stopped by Cam Ward without a rebound.
0:33 of 3rd period - Jason Spezza wins face-off versus Pierre-Marc Bouchard in Oilers zone.
0:48 of 3rd period - Snap shot by Jason Spezza.
0:48 of 3rd period - Stopped by Cam Ward with a rebound.
1:39 of 3rd period - Marty Reasoner is hit by Maxim Kondratiev and loses puck.
2:18 of 3rd period - Mark Fistric is hit by Christian Laflamme and loses puck.
2:31 of 3rd period - Ian White is hit by Jan Bulis and loses puck.
2:49 of 3rd period - Kim Johnsson is hit by Steve Montador and loses puck.
3:24 of 3rd period - Kim Johnsson is hit by Marty Reasoner and loses puck.
3:31 of 3rd period - Snap shot by Marty Reasoner.
3:31 of 3rd period - Shot Blocked by Kim Johnsson.
3:48 of 3rd period - Wrist shot by Steve Begin.
3:48 of 3rd period - Shot Blocked by Shea Weber.
4:18 of 3rd period - Wrist shot by Nathan Horton.
4:18 of 3rd period - Stopped by Cam Ward without a rebound.
4:19 of 3rd period - Mike Richards wins face-off versus Pierre-Marc Bouchard in Oilers zone.
4:55 of 3rd period - Rob Scuderi is hit by Jan Bulis and loses puck.
4:59 of 3rd period - Icing by Kurtis Foster.
5:00 of 3rd period - Patrick Marleau wins face-off versus Jason Spezza in Oilers zone.
5:00 of 3rd period - Patrick Marleau is hit by Jason Spezza.
5:15 of 3rd period - Minor Penalty to Simon Gagné for Slashing.
5:16 of 3rd period - Pierre-Marc Bouchard wins face-off versus Jason Spezza in Red Wings zone.
5:23 of 3rd period - Snap shot by Pierre-Marc Bouchard.
5:23 of 3rd period - Deflect By Pascal Dupuis.
5:23 of 3rd period - Stopped by Jonathan Quick with a rebound.
5:25 of 3rd period - Snap shot by Ian White.
5:25 of 3rd period - Goal by Ian White - Red Wings : 1 - Oilers : 3.
5:26 of 3rd period - Pavel Datsyuk wins face-off versus Jason Spezza in neutral zone.
5:31 of 3rd period - Kim Johnsson is hit by Joe Pavelski and loses puck.
5:52 of 3rd period - Sean Bergenheim is hit by Ian White and loses puck.
6:32 of 3rd period - Slapshot by Jason Spezza.
6:32 of 3rd period - Stopped by Cam Ward without a rebound.
6:33 of 3rd period - Marty Reasoner wins face-off versus Jason Spezza in Oilers zone.
7:52 of 3rd period - Sean Bergenheim is hit by Pascal Dupuis and loses puck.
8:25 of 3rd period - Snap shot by Kurtis Foster.
8:25 of 3rd period - Stopped by Jonathan Quick with a rebound.
9:04 of 3rd period - Pierre-Marc Bouchard is hit by Brian Sutherby and loses puck.
9:17 of 3rd period - Slapshot by Pierre-Marc Bouchard.
9:17 of 3rd period - Stopped by Jonathan Quick without a rebound.
9:18 of 3rd period - Jason Spezza wins face-off versus Joe Pavelski in Red Wings zone.
9:18 of 3rd period - Jason Spezza is hit by Jiri Slegr.
9:26 of 3rd period - Patrick Marleau is hit by Simon Gagné and loses puck.
9:35 of 3rd period - Jarome Iginla is hit by Pavel Datsyuk and loses puck.
9:59 of 3rd period - Kurtis Foster is hit by Donald Brashear and loses puck.
11:22 of 3rd period - Ian White is hit by Jarome Iginla and loses puck.
11:58 of 3rd period - Snap shot by Ilya Kovalchuk.
11:58 of 3rd period - Deflect By Jarome Iginla.
11:58 of 3rd period - Stopped by Jonathan Quick without a rebound.
11:59 of 3rd period - Pierre-Marc Bouchard wins face-off versus Jason Spezza in Red Wings zone.
12:11 of 3rd period - Snap shot by Ilya Kovalchuk.
12:11 of 3rd period - Stopped by Jonathan Quick with a rebound.
12:13 of 3rd period - Snap shot by Ilya Kovalchuk.
12:13 of 3rd period - Stopped by Jonathan Quick with a rebound.
12:15 of 3rd period - Backhand shot by Pascal Dupuis.
12:15 of 3rd period - Stopped by Jonathan Quick with a rebound.
12:23 of 3rd period - Paul Martin is hit by Kurtis Foster and loses puck.
12:44 of 3rd period - Snap shot by Jason Spezza.
12:44 of 3rd period - Stopped by Cam Ward with a rebound.
12:46 of 3rd period - Slapshot by Maxim Kondratiev.
12:46 of 3rd period - Shot Misses the Net.
12:48 of 3rd period - Snap shot by Jarome Iginla.
12:48 of 3rd period - Shot Blocked by Mark Fistric.
12:50 of 3rd period - Snap shot by Simon Gagné.
12:50 of 3rd period - Shot Misses the Net.
12:52 of 3rd period - Snap shot by Jarome Iginla.
12:52 of 3rd period - Shot Misses the Net.
13:11 of 3rd period - Icing by Simon Gagné.
13:12 of 3rd period - Jason Spezza wins face-off versus Pavel Datsyuk in Red Wings zone.
13:16 of 3rd period - Minor Penalty to Joe Pavelski for Tripping.
13:17 of 3rd period - Mike Richards wins face-off versus Marty Reasoner in Oilers zone.
14:30 of 3rd period - Steve Montador is hit by Shea Weber and loses puck.
15:12 of 3rd period - Simon Gagné is hit by Mark Fistric and loses puck.
15:16 of 3rd period - Penalty to Joe Pavelski is over, Joe Pavelski is back on ice.
15:41 of 3rd period - Wrist shot by Jan Bulis.
15:41 of 3rd period - Shot Misses the Net.
16:03 of 3rd period - Patrick Marleau is hit by Brian Sutherby and loses puck.
17:10 of 3rd period - Mathieu Dandenault is hit by Jonathan Toews and loses puck.
17:14 of 3rd period - Icing by Sean Bergenheim.
17:15 of 3rd period - Jonathan Toews wins face-off versus Mathieu Dandenault in Red Wings zone.
17:54 of 3rd period - Sean Bergenheim is hit by Joe Pavelski and loses puck.
Output by the SimonT Hockey Simulator (STHS) for François Prévost -- Original Page W3C XHTML 1.0 Valid